Map: Eindringling LE

Players

manerer

  • Race: Terran Terran
  • League: Diamond
  • Spawn Location: 11:00

Panda - Winner!

  • Race: Zerg Zerg
  • League: Diamond
  • Spawn Location: 5:00

VOD

Have the link to the VOD?

Description

Time

  • Played on: Sept. 7, 2017, 9:22 a.m.
  • Length: 3:09
Show
View Real Time Build Order
Export as new Build Order

manerer Terran 

Build Orders:  

Get SALT Encoding   

  12  0:00  SCV  
  13  0:13  SCV  
  14  0:17  Supply Depot  
  14  0:25  SCV  
  15  0:28  Refinery  
  15  0:39  SCV  
  16  0:45  Barracks  
  16  0:51  SCV  
  17  1:03  SCV  
  18  1:15  SCV  
  19  1:32  Orbital Command  
  19  1:33  Barracks Reactor  
  19  1:45  Command Center  
  19  1:56  Factory  
  19  2:00  SCV  
  20  2:11  Marine x2  
  20  2:13  SCV  
  21  2:24  Refinery  
  21  2:25  SCV  
  22  2:31  Supply Depot, Marine  
  23  2:53  SCV  
  26  3:01  Factory Tech Lab  
  26  3:03  Factory Tech Lab  
Show
View Real Time Build Order
Export as new Build Order

Panda Zerg - Winner!

Build Orders: Pool Only 

Get SALT Encoding   

  12  0:19  Spawning Pool  
  11  0:21  Drone  
  11  0:26  Drone  
  13  0:34  Drone  
  14  0:37  Extractor  
  14  0:38  Drone  
  14  0:47  Overlord  
  14  0:58  Extractor  
  14  1:02  Drone  
  14  1:07  Roach Warren  
  13  1:13  Zergling x2  
  13  1:17  Zergling x2  
  15  1:49  Roach x3  
  21  2:08  Overlord  
  21  2:22  Zergling x2  
  20  2:44  Ravager  
  20  2:45  Ravager x2  
  20  2:47  Roach  
  20  2:48  Roach x2  
Tags
 
Matchup
TvZ
Opening
Pool Only
Replay Pack
replays1
Spawn Locations
Cross Positions
Add a new tag
Caveats
  • Supply blocks, unpowered buildings, or Contaminate may cause inaccurate times.
  • Supply counts are checked every 10 seconds.